AoeStats
← El Fantasma de Pancho Villa

African Clearing

506583741Analyzed
4v4 RM · 19d ago on Sep 14, 2026· 75m 42s· 8 players
Game mode
Random Map
Map size
Large (8 player)
Population
200
Speed
Normal
Resources
Standard
Victory
Conquest
Starting age
Dark Age
Ending age
Imperial Age
RankedLock teamsTeams togetherTeam positionsShared explorationLock speedFull tech treeHidden civsTurbo modeCheats
Victory
Defeat
🇲🇽 Italians · Mexico
1283
+10
🇲🇽 Mongols · Mexico
1247
+11
🇲🇽 Spanish · Mexico
1202
+13
🇲🇽 Bulgarians · Mexico
1147
+15
🇹🇼 Mongols · Taiwan
1155
-13
🇲🇽 Lithuanians · Mexico
1147
-13
🇺🇸 Maya · United States
1124
-12
🇲🇽 Huns · Mexico
1100
-11
mecrosclan
3:48 Loom
12:26 Feudal Age
13:25 Double-Bit Axe
18:56 Castle Age
18:31 Scale Barding Armor
20:28 Wheelbarrow
20:31 Bloodlines
20:22 Husbandry
25:50 Forging
26:41 Fervor
29:41 Horse Collar
32:05 Iron Casting
32:57 Chain Barding Armor
37:00 Hand Cart
37:07 Gold Mining
37:08 Stone Mining
42:23 Heavy Plow
46:56 Imperial Age
45:13 Stone Shaft Mining
48:04 Conscription
47:06 Elite Leitis
48:39 Plate Barding Armor
49:07 Ballistics
50:25 Crop Rotation
55:18 Chemistry
54:29 Fortified Wall
54:14 Murder Holes
61:28 Cavalier
64:13 Paladin
66:35 Caravan
70:04 Hill Forts
[MIAAU] GM Panzer IV
11:48 Loom
15:02 Feudal Age
19:59 Castle Age
18:22 Double-Bit Axe
19:32 Fishing Lines
22:01 Fletching
23:09 Bodkin Arrow
24:21 Thumb Ring
26:38 Husbandry
26:47 Padded Archer Armor
27:27 Ballistics
29:15 Bloodlines
34:01 Leather Archer Armor
37:16 Bow Saw
36:48 Horse Collar
37:45 Heavy Plow
37:38 Gillnets
40:55 Town Watch
41:45 Wheelbarrow
45:35 Imperial Age
43:40 Scale Barding Armor
44:53 Marauders
45:15 Chain Barding Armor
45:06 Forging
45:44 Hand Cart
46:46 Elite Tarkan
48:05 Iron Casting
48:43 Heavy Cavalry Archer
50:05 Bracer
51:13 Chemistry
51:36 Stone Mining
51:37 Gold Mining
52:45 Plate Barding Armor
54:02 Blast Furnace
58:44 Cavalier
59:58 Paladin
62:24 Pikeman
63:05 Scale Mail Armor
64:29 Masonry
64:04 Halberdier
64:44 Squires
65:00 Chain Mail Armor
65:10 Conscription
69:48 Arson
71:41 Elite Skirmisher
73:18 Caravan
El Fantasma de Pancho Villa
6:03 Loom
13:25 Feudal Age
47:06 Castle Age
46:06 Double-Bit Axe
47:20 Wheelbarrow
46:59 Stone Mining
48:52 Padded Archer Armor
48:43 Fletching
57:25 Leather Archer Armor
58:08 Bodkin Arrow
63:22 Ballistics
ryan20160922
6:35 Loom
15:01 Feudal Age
15:49 Double-Bit Axe
30:08 Castle Age
31:37 Bow Saw
37:02 Gold Mining
41:01 Gold Shaft Mining
41:42 Fletching
42:41 Bodkin Arrow
44:05 Padded Archer Armor
45:58 Leather Archer Armor
46:09 Ballistics
49:33 Imperial Age
48:01 Elite Skirmisher
48:47 Thumb Ring
50:34 Bracer
51:37 Chemistry
54:45 Parthian Tactics
55:16 Conscription
54:52 Heavy Cavalry Archer
59:34 Capped Ram
62:59 Husbandry
63:10 Bloodlines
62:39 Light Cavalry
64:49 Forging
64:44 Scale Barding Armor
65:07 Hussar
66:58 Iron Casting
66:44 Chain Barding Armor
69:51 Nomads
69:46 Stone Mining
MZTK l ROD
6:26 Loom
11:38 Feudal Age
12:44 Double-Bit Axe
18:13 Fletching
25:46 Castle Age
30:53 Horse Collar
35:26 Bodkin Arrow
39:48 Wheelbarrow
39:48 Padded Archer Armor
45:01 Imperial Age
42:49 Gold Mining
44:33 Leather Archer Armor
45:20 Ballistics
47:26 Chemistry
47:24 Thumb Ring
47:25 Bracer
50:22 Ring Archer Armor
54:53 Conscription
55:05 Hand Cart
54:47 Stone Mining
55:12 Forging
55:07 Scale Barding Armor
58:06 Elite Genoese Crossbowman
59:52 Pikeman
60:32 Squires
61:53 Light Cavalry
62:44 Bloodlines
62:34 Husbandry
63:45 Heavy Plow
67:11 Crop Rotation
69:15 Hussar
73:57 Stone Shaft Mining
73:25 Town Watch
MZTK | GaboxNet .i.
9:37 Loom
13:05 Feudal Age
13:58 Double-Bit Axe
19:12 Fletching
23:25 Castle Age
24:29 Light Cavalry
25:57 Bloodlines
26:15 Bow Saw
31:06 Wheelbarrow
37:30 Horse Collar
43:45 Imperial Age
42:03 Bodkin Arrow
45:30 Heavy Camel Rider
47:30 Hand Cart
47:23 Scale Barding Armor
49:09 Forging
50:32 Heavy Plow
51:17 Chain Barding Armor
51:44 Husbandry
52:54 Iron Casting
54:24 Blast Furnace
54:21 Capped Ram
55:25 Hussar
55:29 Siege Ram
56:17 Town Watch
57:30 Drill
68:02 Gold Mining
68:02 Stone Mining
MZTK | SIRO
12:27 Feudal Age
12:14 Loom
16:37 Castle Age
17:00 Double-Bit Axe
29:51 Padded Archer Armor
36:46 Town Watch
37:43 Wheelbarrow
38:33 Ballistics
38:08 Guard Tower
39:55 Horse Collar
42:34 Bow Saw
44:40 Town Watch
44:52 Gold Mining
44:53 Stone Mining
46:22 Town Patrol
46:37 Hand Cart
46:39 Leather Archer Armor
46:35 Murder Holes
53:40 Imperial Age
51:38 Heavy Plow
52:03 Scale Mail Armor
52:14 Forging
51:54 Fletching
52:01 Pikeman
52:42 Squires
52:27 Arson
58:41 Chemistry
58:19 Keep
57:35 Arrowslits
58:02 Masonry
59:41 Stone Shaft Mining
61:51 Halberdier
67:34 Architecture
69:41 Bombard Tower
75:29 Chain Mail Armor
75:50 Iron Casting
MZTK | DeathArt
4:22 Loom
14:13 Feudal Age
20:16 Castle Age
22:25 Double-Bit Axe
26:44 Scale Barding Armor
27:02 Bloodlines
27:01 Husbandry
28:21 Fletching
28:32 Padded Archer Armor
28:04 Elite Skirmisher
29:27 Town Watch
32:48 Wheelbarrow
34:50 Forging
35:01 Chain Barding Armor
41:21 Imperial Age
39:06 Gold Mining
39:58 Iron Casting
40:07 Stirrups
40:25 Scale Mail Armor
41:31 Elite Konnik
43:47 Plate Barding Armor
46:08 Bow Saw
45:45 Horse Collar
47:20 Blast Furnace
48:03 Bodkin Arrow
52:09 Chain Mail Armor
52:22 Hand Cart
55:34 Conscription
56:17 Thumb Ring
56:48 Pikeman
57:13 Gambesons
57:29 Squires
57:14 Arson
63:50 Town Patrol
65:43 Plate Mail Armor
65:14 Bracer
65:45 Ballistics
66:26 Chemistry
66:00 Halberdier
72:18 Leather Archer Armor
Connection lost

Rejoining the realm…

Still unreachable

The connection could not be restored.

Session expired

The server has moved on; the page needs a fresh start.